 Dungeon Sprint DCSS version 0.32-a0-909-gc671339a80 (webtiles) character file.

Game seed: 3315260711689112753

6900000 Griffin23 the Axe Maniac (level 27, -64/273 HPs)
             Began as a Ghoul Warper on Apr 6, 2024.
             Was the Champion of Makhleb.
             Annihilated by The Servant
             ... wielding a +9 glaive of flaming
              (112 damage)
             ... in the Dungeon (Sprint VIII: "Arena of Blood").
             The game lasted 00:04:59 (69 turns).

Griffin23 the Axe Maniac (Ghoul Warper)               Turns: 69, Time: 00:05:00

Health: -64/273    AC:  6    Str: 21    XL:     27
Magic:  18/54      EV: 27    Int: 12    God:    Makhleb [******]
Gold:   0          SH:  0    Dex: 16    Spells: 80/80 levels left

rFire   . . .        i - +∞ Axe of Woe
rCold   + . .        (shield currently unavailable)
rNeg    + + +        b - +0 leather armour
rPois   ∞            (no helmet)
rElec   .            (no cloak)
rCorr   .            (no gloves)
SInv    .            (no boots)
Will    ++...        (no amulet)
Stlth   +++++++++    (no ring)
HPRegen 0.00/turn    (no ring)
MPRegen 0.34/turn

%: no teleportation
@: inhibited regen, slowed, very slow
A: claws 1, cold resistance 1, negative energy resistance 3, inhibited
regeneration, torment resistance 2, devour on kill
a: Renounce Religion, Minor Destruction, Lesser Servant of Makhleb, Major
Destruction, Greater Servant of Makhleb


You were in the Dungeon.
You worshipped Makhleb.
Makhleb was exalted by your worship.
You visited 1 branch

Inventory:

Hand Weapons
 a - a +0 hand axe
 i - the +∞ Axe of Woe (weapon)
   (You found it in the Dungeon)
Missiles
 d - 7 darts of dispersal (quivered)
Armour
 b - a +0 leather armour (worn)
Jewellery
 j - a +100 ring of slaying
Scrolls
 c - a scroll of blinking
Potions
 e - a potion of curing
 f - a potion of heal wounds
 g - a potion of haste
 h - 2 potions of magic


   Skills:
 O Level 27 Fighting
 O Level 27 Short Blades
 O Level 27 Long Blades
 O Level 27 Axes
 O Level 27 Maces & Flails
 O Level 27 Polearms
 O Level 27 Staves
 O Level 27 Ranged Weapons
 O Level 27 Throwing
 O Level 27 Armour
 O Level 27 Dodging
 O Level 27 Stealth
 O Level 27 Shields
 O Level 27 Unarmed Combat
 O Level 27 Spellcasting
 O Level 27 Conjurations
 O Level 27 Hexes
 O Level 27 Summonings
 O Level 27 Necromancy
 O Level 27 Translocations
 O Level 27 Fire Magic
 O Level 27 Ice Magic
 O Level 27 Air Magic
 O Level 27 Earth Magic
 O Level 27 Alchemy
 O Level 27 Invocations
 O Level 27 Evocations


You had 80 spell levels left.
You didn't know any spells.
Your spell library contained the following spells:

 Spells                   Type           Power      Damage    Failure   Level
 Blink                    Tloc           100%       N/A       0%          2
 Lesser Beckoning         Tloc           100%       N/A       0%          2
 Maxwell's Portable Pile  Tloc           69%        2d(12-34) 0%          3
 Teleport Other           Tloc           69%        N/A       0%          3
 Vhi's Electric Charge    Tloc/Air       100%       N/A       0%          4


Dungeon Overview and Level Annotations

Branches:
Dungeon (1/1)

Altars:
Makhleb

Annotations:
D The Servant


Innate Abilities, Weirdness & Mutations

You are immune to poison.
You have sharp fingernails.
Your flesh is cold resistant. (rC+)
You are immune to negative energy. (rN+++)
You do not regenerate when monsters are visible.
You are immune to unholy pain and torment.
You thrive by killing the living.


Message History

Something smites you! The destroyer casts a spell at you.
The destroyer blinks!
The meat beast bites you. The meat beast tramples you!
You hold your ground!
The accursed casts a spell at you. Something smites you!
The accursed points at you and mumbles some strange words.
Something smites you!
The accursed gestures at you while chanting.
Something smites you!
The Servant hits you from afar with a +9 glaive of flaming!!!!
* * * LOW HITPOINT WARNING * * *
The Servant burns you!!
* * * LOW HITPOINT WARNING * * *
The bag of meat moves out of view.
Things that are here:
a +9 battleaxe; a +30 ring of slaying; a meat berserker corpse Unknown command.
You cut the bag of meat into ribbons!!!
You slaughter the bag of meat joyfully.
You kill the bag of meat!
Makhleb accepts your kill.
You feel better.
You slice the destroyer!!
You hew the destroyer violently.
You destroy the destroyer!
Makhleb accepts your kill.
You feel better.
You hit the meat beast.
You butcher the meat beast messily.
You kill the meat beast!
Makhleb accepts your kill.
You feel better.
The meat berserker rages.
The accursed points at you and mumbles some strange words.
Something smites you! The dread throws damnation at you.
The sphere of damnation explodes!
The damnation engulfs you!!
* * * LOW HITPOINT WARNING * * *
A meat berserker comes into view. It is wielding a +9 battleaxe.
The accursed casts a spell at you. Something smites you!
* * * LOW HITPOINT WARNING * * *
The Servant hits you from afar with a +9 glaive of flaming!!!!
You die...

....... .......
...z..#...... #......
........#... #o...o.
....#2.....###......
.o.z..W..)).oM.###.
z.O...#.))°OX)._..
OW.#..Mo)).#.)...
###ooo..MM)☼○#_)O._
#.@)@#..°°oDz#.....
#...)))OM#O..@V.o._..
#.......D.....DO.###.
.......M.o....###o...
. ................
#..o...
................


#.VVoM. ........#....... ....oo. ......O#.#.#.... ....... o...... You could see
5 accurseds, a meat beast (fast), The Servant, an eight-headed meat hydra, a
sculptor of flesh, 2 dreads, 3 meat berserkers and 5 bags of meat.

Vanquished Creatures
  A hell beast (D)
  2 royal mummies (D)
  20 vampire knights (D)
  34 ogres (D)
  7 two-headed ogres (D)
  A lich (D)
  A hydra (D)
  99 orcs (D)
  3 skeletal warriors (D)
168 creatures vanquished.

Notes
Turn   | Place    | Note
-------+----------+-------------------------------------------
     0 | D        | Found the +∞ Axe of Woe
     0 | D        | Griffin23 the Ghoul Warper began the quest for the Orb.
     0 | D        | Reached XP level 1. HP: 17/17 MP: 3/3
     0 | D        | Noticed a bag of meat
     2 | D        | Noticed a bag of meat
     4 | D        | Became a worshipper of Makhleb the Destroyer
     5 | D        | Noticed a meat berserker
     5 | D        | Noticed a meat berserker
     7 | D        | Killed a bag of meat
     7 | D        | Noticed a meat berserker
     8 | D        | Reached skill level 10 in Fighting
     8 | D        | Reached XP level 2. HP: 39/39 MP: 3/11
     8 | D        | Reached XP level 3. HP: 46/46 MP: 3/13
     8 | D        | Reached XP level 4. HP: 52/52 MP: 3/14
     8 | D        | Reached XP level 5. HP: 59/59 MP: 3/16
     8 | D        | Reached XP level 6. HP: 67/67 MP: 3/17
     8 | D        | Reached XP level 7. HP: 73/73 MP: 3/19
     8 | D        | Reached XP level 8. HP: 80/80 MP: 3/20
     8 | D        | Reached XP level 9. HP: 86/86 MP: 3/21
     8 | D        | Reached XP level 10. HP: 94/94 MP: 3/22
     8 | D        | Reached XP level 11. HP: 101/101 MP: 3/23
     8 | D        | Noticed a bag of meat
     9 | D        | Killed a meat berserker
     9 | D        | Reached * piety under Makhleb
     9 | D        | Killed a meat berserker
     9 | D        | Noticed a meat berserker
     9 | D        | Noticed a bag of meat
    10 | D        | Reached XP level 12. HP: 80/124 MP: 3/24
    10 | D        | Reached XP level 13. HP: 84/130 MP: 3/25
    11 | D        | Killed a meat berserker
    11 | D        | Killed a meat berserker
    11 | D        | Reached ** piety under Makhleb
    12 | D        | Reached XP level 14. HP: 146/146 MP: 3/26
    12 | D        | Reached XP level 15. HP: 152/152 MP: 3/27
    13 | D        | Reached skill level 15 in Armour
    13 | D        | Noticed a meat berserker
    13 | D        | Noticed a meat berserker
    14 | D        | Noticed a meat berserker
    15 | D        | Noticed a meat berserker
    16 | D        | Killed a meat berserker
    17 | D        | Noticed a meat berserker
    17 | D        | Noticed a meat berserker
    18 | D        | Killed a meat berserker
    18 | D        | Reached *** piety under Makhleb
    18 | D        | Noticed a destroyer
    19 | D        | Reached XP level 16. HP: 169/169 MP: 5/28
    19 | D        | Noticed a destroyer
    19 | D        | Noticed a large bag of meat
    20 | D        | Noticed a meat berserker
    20 | D        | Killed a meat berserker
    20 | D        | Noticed a meat berserker
    21 | D        | Killed a meat berserker
    21 | D        | Killed a meat berserker
    21 | D        | Reached **** piety under Makhleb
    21 | D        | Killed a meat berserker
    22 | D        | Reached skill level 27 in Axes
    22 | D        | Reached XP level 17. HP: 190/190 MP: 5/29
    22 | D        | Killed a destroyer
    22 | D        | Reached ***** piety under Makhleb
    22 | D        | Noticed a meat berserker
    22 | D        | Noticed a destroyer
    23 | D        | Reached skill level 27 in Fighting
    23 | D        | Reached XP level 18. HP: 200/200 MP: 5/30
    23 | D        | Killed a large bag of meat
    23 | D        | Noticed a meat berserker
    24 | D        | Reached skill level 27 in Armour
    24 | D        | Reached skill level 27 in Dodging
    24 | D        | Reached XP level 19. HP: 165/207 MP: 5/31
    24 | D        | Noticed a large bag of meat
    24 | D        | Noticed a large bag of meat
    25 | D        | Noticed a destroyer
    26 | D        | Killed a destroyer
    26 | D        | Reached ****** piety under Makhleb
    26 | D        | Noticed a meat berserker
    26 | D        | Noticed a meat berserker
    27 | D        | Reached skill level 27 in Stealth
    27 | D        | Killed a meat berserker
    27 | D        | Killed a meat berserker
    27 | D        | Killed a destroyer
    27 | D        | Killed a meat berserker
    27 | D        | Noticed a destroyer
    28 | D        | Reached skill level 15 in Unarmed Combat
    28 | D        | Reached skill level 15 in Spellcasting
    28 | D        | Reached skill level 15 in Invocations
    28 | D        | Reached XP level 20. HP: 216/216 MP: 6/39
    28 | D        | Noticed a large bag of meat
    28 | D        | Killed a destroyer
    29 | D        | Reached XP level 21. HP: 224/224 MP: 6/42
    30 | D        | Killed a meat berserker
    30 | D        | Noticed a large bag of meat
    30 | D        | Noticed a destroyer
    30 | D        | Noticed a meat berserker
    31 | D        | Reached XP level 22. HP: 233/233 MP: 7/45
    32 | D        | Killed a large bag of meat
    32 | D        | Killed a destroyer
    32 | D        | Noticed a large bag of meat
    32 | D        | Noticed a destroyer
    33 | D        | Killed a large bag of meat
    34 | D        | Reached skill level 27 in Translocations
    34 | D        | Reached XP level 23. HP: 209/240 MP: 7/49
    35 | D        | Reached skill level 27 in Unarmed Combat
    35 | D        | Reached skill level 27 in Invocations
    35 | D        | Noticed a destroyer
    35 | D        | Noticed a destroyer
    36 | D        | Reached skill level 27 in Maces & Flails
    36 | D        | Reached skill level 27 in Polearms
    36 | D        | Reached skill level 27 in Throwing
    36 | D        | Reached XP level 24. HP: 240/249 MP: 8/53
    36 | D        | Killed a destroyer
    37 | D        | Reached skill level 27 in Spellcasting
    38 | D        | Killed a destroyer
    40 | D        | Reached XP level 25. HP: 246/257 MP: 9/54
    41 | D        | Killed a large bag of meat
    41 | D        | Noticed a destroyer
    42 | D        | Reached skill level 27 in Short Blades
    42 | D        | Reached skill level 27 in Staves
    42 | D        | Reached skill level 5 in Long Blades
    42 | D        | Reached skill level 5 in Ranged Weapons
    42 | D        | Reached skill level 5 in Shields
    42 | D        | Reached skill level 5 in Conjurations
    42 | D        | Reached skill level 5 in Hexes
    42 | D        | Reached skill level 5 in Summonings
    42 | D        | Reached skill level 5 in Fire Magic
    42 | D        | Reached skill level 5 in Alchemy
    42 | D        | Reached skill level 5 in Evocations
    42 | D        | Killed a large bag of meat
    42 | D        | Killed a destroyer
    43 | D        | Reached skill level 10 in Necromancy
    43 | D        | Reached skill level 10 in Earth Magic
    43 | D        | Reached XP level 26. HP: 214/266 MP: 10/54
    43 | D        | Killed a destroyer
    43 | D        | Killed a large bag of meat
    43 | D        | Noticed The Servant
    44 | D        | Reached skill level 10 in Conjurations
    44 | D        | Reached skill level 10 in Hexes
    44 | D        | Reached skill level 10 in Fire Magic
    44 | D        | Reached skill level 10 in Air Magic
    44 | D        | Reached skill level 10 in Alchemy
    44 | D        | Reached skill level 10 in Evocations
    44 | D        | Noticed a large bag of meat
    44 | D        | Noticed a destroyer
    44 | D        | Noticed a destroyer
    45 | D        | Reached skill level 15 in Ice Magic
    46 | D        | Noticed a destroyer
    47 | D        | Reached skill level 15 in Necromancy
    47 | D        | Reached skill level 15 in Earth Magic
    47 | D        | Reached XP level 27. HP: 264/273 MP: 11/54
    47 | D        | Noticed a destroyer
    48 | D        | Reached skill level 15 in Long Blades
    48 | D        | Reached skill level 15 in Ranged Weapons
    48 | D        | Reached skill level 15 in Shields
    48 | D        | Reached skill level 15 in Summonings
    48 | D        | Killed a destroyer
    49 | D        | Reached skill level 15 in Conjurations
    49 | D        | Reached skill level 15 in Hexes
    49 | D        | Reached skill level 15 in Fire Magic
    49 | D        | Killed a destroyer
    50 | D        | Reached skill level 15 in Air Magic
    50 | D        | Noticed an accursed
    50 | D        | Killed a destroyer
    50 | D        | Killed a destroyer
    50 | D        | Noticed an accursed
    51 | D        | Noticed a large bag of meat
    52 | D        | Noticed an accursed
    52 | D        | Killed an accursed
    52 | D        | Killed an accursed
    53 | D        | Noticed a tyrant
    53 | D        | Noticed a destroyer
    54 | D        | Killed a destroyer
    54 | D        | Killed a large bag of meat
    54 | D        | Noticed a destroyer
    55 | D        | Reached skill level 27 in Ice Magic
    55 | D        | Noticed a destroyer
    55 | D        | Noticed a destroyer
    55 | D        | Noticed a destroyer
    56 | D        | Noticed a destroyer
    56 | D        | Noticed an accursed
    57 | D        | Reached skill level 27 in Earth Magic
    57 | D        | Noticed a destroyer
    58 | D        | Noticed an accursed
    58 | D        | Killed a destroyer
    58 | D        | Killed a destroyer
    59 | D        | Reached skill level 27 in Necromancy
    59 | D        | Killed a destroyer
    60 | D        | Noticed an accursed
    61 | D        | Reached skill level 27 in Long Blades
    61 | D        | Reached skill level 27 in Ranged Weapons
    61 | D        | Reached skill level 27 in Shields
    61 | D        | Reached skill level 27 in Summonings
    61 | D        | Killed a tyrant
    61 | D        | Killed a destroyer
    62 | D        | Reached skill level 27 in Conjurations
    62 | D        | Reached skill level 27 in Hexes
    62 | D        | Reached skill level 27 in Fire Magic
    62 | D        | Reached skill level 27 in Alchemy
    62 | D        | Reached skill level 27 in Evocations
    63 | D        | Reached skill level 27 in Air Magic
    63 | D        | Killed a destroyer
    63 | D        | Noticed a dread
    66 | D        | Noticed a meat beast
    67 | D        | Noticed a dread
    67 | D        | Noticed a meat beast
    67 | D        | Noticed an accursed
    69 | D        | Killed a destroyer
    69 | D        | Killed a meat beast
    69 | D        | Annihilated by The Servant

Illustrated notes

Levels and vault maps discovered:
D:        meatsprint

Skill      XL: |  1  2  3  4  5  6  7  8  9 10 11 12 13 14 15 16 17 18 19 20 21 22 23 24 25 26 27 |
---------------+----------------------------------------------------------------------------------+-----
Fighting       | 10 16 19 22 26 27 | 27.0
Axes           | 9 17 21 24 27 | 27.0
Throwing       | 3 14 17 19 23 27 | 27.0
Armour         | 2 11 14 17 21 24 27 | 27.0
Dodging        | 8 13 16 18 22 25 27 | 27.0
Spellcasting   | 8 15 17 19 22 26 27 | 27.0
Translocations | 16 20 22 24 27 | 27.0
Stealth        | 17 25 27 | 27.0
Maces & Flails | 13 17 19 23 27 | 27.0
Polearms       | 13 17 19 23 27 | 27.0
Unarmed Combat | 15 19 22 26 27 | 27.0
Invocations    | 15 19 22 26 27 | 27.0
Short Blades   | 24 27 | 27.0
Staves         | 24 27 | 27.0
Long Blades    | 9 14 27 | 27.0
Ranged Weapons | 9 14 27 | 27.0
Shields        | 9 14 27 | 27.0
Conjurations   | 8 13 27 | 27.0
Hexes          | 8 13 27 | 27.0
Summonings     | 9 14 27 | 27.0
Necromancy     | 10 15 27 | 27.0
Fire Magic     | 8 13 27 | 27.0
Ice Magic      | 11 16 27 | 27.0
Air Magic      | 7 12 27 | 27.0
Earth Magic    | 10 15 27 | 27.0
Alchemy        | 8 13 27 | 27.0
Evocations     | 8 13 27 | 27.0

Action                     |  1- 3 |  4- 6 |  7- 9 | 10-12 | 13-15 | 16-18 | 19-21 | 22-24 | 25-27 || total
---------------------------+-------+-------+-------+-------+-------+-------+-------+-------+-------++-------
  Melee: Executioner's axe |     1 |       |       |     1 |     4 |     4 |     5 |     8 |    26 ||    49
    Use: Scroll            |       |       |       |       |       |       |       |       |     1 ||     1
 Armour: Leather armour    |       |       |       |     1 |       |     2 |     2 |    14 |    33 ||    52
  Dodge: Dodged            |       |       |       |       |       |     1 |       |       |     1 ||     2

Table legend: (Time is in decaauts)
 A = Elapsed time spent in this place.
 B = Non-inter-level travel time spent in this place.
 C = Inter-level travel time spent in this place.
 D = Time resting spent in this place.
 E = Time spent auto-exploring this place.
 F = Levels seen in this place.
 G = Mean time per level.
                   A        B        C        D        E       F      G
               +--------+--------+--------+--------+--------+-----+--------+
         Total |     62 |     62 |      0 |      0 |      0 |   1 |   62.0 |
       Dungeon |     62 |     62 |      0 |      0 |      0 |   1 |   62.0 |
               +--------+--------+--------+--------+--------+-----+--------+

Top non-repeatable levels by time:
       D: 62 daAuts
